 Dungeon Crawl Stone Soup version 0.24-a0-417-g1cce26a4d2 (webtiles) character file.

Game seed: 2113573439182305677

371 D1HalberdGnoll the Slasher (level 7, -4/54 HPs)
             Began as a Human Chaos Knight on June 10, 2019.
             Was a Plaything of Xom.
             Slain by an orc warrior
             ... wielding a +0 flail
              (12 damage)
             ... on level 3 of the Dungeon.
             The game lasted 00:03:29 (3412 turns).

D1HalberdGnoll the Slasher (Human Chaos Knight)     Turns: 3412, Time: 00:03:30

Health: -4/54      AC: 11    Str: 14    XL:     7   Next: 2%
Magic:  7/7        EV: 12    Int: 15    God:    Xom [..*...]
Gold:   160        SH:  0    Dex: 12    Spells: 6/6 levels left

rFire    . . .     SeeInvis .   a - +0 falchion (chaos)
rCold    . . .     Gourm    .   (no shield)
rNeg     . . .     Faith    .   b - +2 leather armour
rPois    .         Spirit   .   (helmet restricted)
rElec    +         Reflect  .   x - +2 cloak {MR+}
rCorr    .         Harm     .   (no gloves)
MR       +....                  (no boots)
Stlth    +.........             (no amulet)
HPRegen  0.18/turn              k - +3 ring of protection
MPRegen  0.10/turn              (no ring)

@: no status effects
A: horns 1, clever 1, electricity resistance
a: Renounce Religion


You were on level 3 of the Dungeon.
You worshipped Xom.
You were a toy of Xom.
You were not hungry.

You visited 1 branch of the dungeon, and saw 4 of its levels.

You collected 160 gold pieces.

Inventory:

Hand Weapons
 a - a +0 falchion of chaos (weapon)
Armour
 b - a +2 leather armour (worn)
 f - the +0 robe of the Mind {rC+, unknown}
   (You found it on level 4 of the Dungeon)

   It protects you from cold.
 x - a +2 cloak of magic resistance (worn)
Jewellery
 k - a +3 ring of protection (left hand)
Scrolls
 d - 2 scrolls of remove curse {unknown}
 g - 2 scrolls of teleportation {unknown}
 i - 4 scrolls of blinking {unknown}
 s - a scroll of fear {unknown}
Potions
 e - a potion of flight
 h - a potion of ambrosia {unknown}
 j - 2 potions of magic {unknown}
 l - a potion of heal wounds {unknown}
 m - 3 potions of cancellation {unknown}
 o - 3 potions of might {unknown}
 q - a potion of degeneration
 r - a potion of agility {unknown}
 t - a potion of mutation {unknown}
 u - a potion of berserk rage {unknown}
 w - a potion of invisibility {unknown}
 z - 3 potions of curing
Comestibles
 c - 6 rations


   Skills:
 + Level 4.2 Fighting
 * Level 5.1 Long Blades
 + Level 3.4 Armour
 + Level 3.0 Dodging


You had 6 spell levels left.
You didn't know any spells.
Your spell library was empty.

Dungeon Overview and Level Annotations

Branches:
Dungeon (4/15)
 Temple: D:4-7

Altars:
Nemelex Xobeh
Wu Jian
Xom


Innate Abilities, Weirdness & Mutations

You have a pair of small horns on your head.
Your mind is acute. (Int +2)
You are resistant to electric shocks. (rElec)


Message History

The orc warrior is moderately wounded.
The orc warrior barely misses you.
You closely miss the orc warrior.
The orc warrior is moderately wounded. "Heh heh heh..."
The orc warrior looks rather confused.
You hit the orc warrior. You freeze the orc warrior.
You headbutt the orc warrior.
The orc warrior is heavily wounded.
The orc warrior hits you with a +0 flail!
* * * LOW HITPOINT WARNING * * *
You barely miss the orc warrior.
The orc warrior is heavily wounded.
You hit the orc warrior but do no damage.
The orc warrior is heavily wounded.
The orc warrior misses you.
You hit the orc warrior.
The orc warrior is poisoned.
The orc warrior is severely wounded.
The orc warrior hits you with a +0 flail!
You die...

#..........#.#.......#
#..#..#......#....#########
##.#.....##....#.## #)....#
#.....#.##...##.####.....#
##....#.##...............#
###.).....#..###.####^....#
#....#..#.#..# #.# #.....#
..#...###....# #o# #.....#
.##...#....#.# #@# #.....#
#.........#..# #.# #(....#
..##.##.....## #.# #...###
......#.#....########'''######
......#.#...#########...########
#.....#.#.#.###§§°○○#...#○§°.☼##
......#.#.#.###§°§.§#.>.#○§§☼☼##
##......#.#..##§§§.§#...#.°☼§§##
##....#...##.##.§§☼○#...#○§§○○##


You could see an orc warrior (confused).

Vanquished Creatures
  An ogre (D:3)
  A howler monkey (D:2)
  Crazy Yiuf (D:3)
  A hound (D:4)
  Jessica (D:3)
  2 worker ants (D:4)
  2 adders (D:2)
  3 oozes
  An adder zombie (D:4)
  An adder skeleton (D:2)
  A worm (D:3)
  A dart slug (D:1)
  2 leopard geckos
  9 orcs
  2 ball pythons
  8 bats
  3 giant cockroaches (D:1)
  12 goblins
  3 hobgoblins
  6 jackals (D:3)
  4 kobolds
  2 quokkas
  2 frilled lizards
  6 rats
75 creatures vanquished.

Notes
Turn   | Place    | Note
-------+----------+-------------------------------------------
     0 | D:1      | D1HalberdGnoll the Human Chaos Knight began the quest for
                  | the Orb.
     0 | D:1      | Reached XP level 1. HP: 18/18 MP: 1/1
   180 | D:1      | XOM: mild Tmut miscast
   192 | D:1      | Reached XP level 2. HP: 24/24 MP: 2/2
   285 | D:1      | XOM: cloud trail
   527 | D:1      | Reached XP level 3. HP: 21/29 MP: 3/3
  1008 | D:2      | XOM: medium Chrm miscast
  1024 | D:2      | Noticed Sigmund
  1029 | D:2      | Noticed Sigmund
  1029 | D:2      | Sigmund changed into Sigmund the howler monkey
  1042 | D:2      | Killed Sigmund the howler monkey
  1042 | D:2      | Reached XP level 4. HP: 14/35 MP: 4/4
  1042 | D:2      | XOM: confuse monster(s)
  1050 | D:2      | Reached skill level 4 in Long Blades
  1244 | D:2      | Reached XP level 5. HP: 41/41 MP: 5/5
  1339 | D:2      | XOM: harmless Necr miscast
  1810 | D:2      | XOM: harmless Ice miscast
  1978 | D:3      | XOM: medium Erth miscast
  2173 | D:3      | XOM: 1-stop teleportation journey
  2273 | D:3      | Found a sparkling altar of Nemelex Xobeh.
  2653 | D:3      | Found a runed translucent door.
  2654 | D:3      | Noticed Crazy Yiuf
  2729 | D:3      | XOM: give mutations
  2729 | D:3      | Gained mutation: Your mind is acute. (Int +2) [Xom's grace]
  2729 | D:3      | Gained mutation: You have a pair of small horns on your
                  | head. [Xom's grace]
  2729 | D:3      | Gained mutation: You are resistant to electric shocks.
                  | (rElec) [Xom's grace]
  2776 | D:3      | Noticed Jessica
  2782 | D:3      | Killed Jessica
  2882 | D:3      | Killed Crazy Yiuf
  2882 | D:3      | Reached XP level 6. HP: 38/48 MP: 6/6
  2968 | D:4      | XOM: medium Tmut miscast
  2970 | D:4      | Noticed an ogre
  3003 | D:3      | Killed an ogre
  3295 | D:4      | Reached skill level 5 in Long Blades
  3297 | D:4      | Got a warped robe
  3304 | D:4      | Reached XP level 7. HP: 46/54 MP: 7/7
  3330 | D:4      | Found an ornate altar of the Wu Jian Council.
  3347 | D:4      | XOM: enchant monster (good)
  3355 | D:4      | XOM: butterfly on damage
  3367 | D:4      | XOM: scenery: create altars
  3369 | D:4      | XOM: enchant monster (bad)
  3379 | D:4      | XOM: divination: detect items
  3408 | D:3      | XOM: confuse monster(s)
  3412 | D:3      | Slain by an orc warrior

Levels and vault maps discovered:
D:1:      wander_arrival_desolate, layout_loops_corners
D:2:      layout_basic, uniq_sigmund
D:3:      layout_rooms, nemelex_altar_shiori, first_ration, uniq_jessica,
          uniq_crazy_yiuf_cottage
D:4:      layout_basic, overflow_temple_1_default, minmay_temple_entry_trees,
          guppyfry_shop_venom

Skill      XL: |  1  2  3  4  5  6 |
---------------+-------------------+-----
Dodging        | 2 3 |  3.0
Long Blades    | 4 5 |  5.1
Armour         | 3 |  3.4
Fighting       | 4 |  4.2

Action                   |  1- 3 |  4- 6 |  7- 9 || total
-------------------------+-------+-------+-------++-------
Melee: Falchion          |    82 |   156 |    29 ||   267
       Headbutt          |       |    10 |     4 ||    14
  Use: Potion            |     2 |     1 |       ||     3
       Scroll            |       |     4 |       ||     4
 Stab: Distracted        |     1 |       |       ||     1
       Paralysed         |     2 |     1 |       ||     3
       Confused          |       |     1 |       ||     1
       Sleeping          |       |     1 |       ||     1
       Petrifying        |       |     1 |       ||     1
  Eat: Chunk             |       |     7 |       ||     7
       Ration            |       |     1 |       ||     1
Armor: Leather armour    |    30 |    54 |     7 ||    91
Dodge: Dodged            |    54 |   106 |    15 ||   175
       Rpst.: Falchion   |    14 |    32 |     4 ||    50

Table legend:
 A = Non-vault XP
 B = Vault XP
 C = Vault XP percentage of total XP
 D = Non-vault monster count
 E = Vault monster count
 F = Vault count percentage of total count
                 A         B        C        D         E       F
            +---------+---------+-------+---------+---------+-------
      Total |     399 |     132 |  24.9 |      70 |       3 |   4.1
            +---------+---------+-------+---------+---------+-------
        D:1 |      40 |       0 |   0.0 |      22 |       0 |   0.0
        D:2 |      69 |      55 |  44.4 |      20 |       1 |   4.8
        D:3 |     161 |      77 |  32.4 |      20 |       2 |   9.1
        D:4 |     129 |       0 |   0.0 |       8 |       0 |   0.0
            +---------+---------+-------+---------+---------+-------
